 Dungeon Crawl Stone Soup version 0.24-a0-130-ga3c21ff (webtiles) character file.

Game seed: 17211452949342300466

111831 zishaf the Warrior (level 16, -1/155 HPs)
             Began as a Hill Orc Skald on Feb 27, 2019.
             Was the Champion of Nemelex Xobeh.
             Succumbed to a naga mage's bolt of poison
             ... on level 1 of the Snake Pit.
             The game lasted 01:03:23 (27931 turns).

zishaf the Warrior (Hill Orc Skald)                Turns: 27931, Time: 01:03:24

Health: -1/155     AC: 34    Str: 21    XL:     16   Next: 58%
Magic:  1/28       EV:  6    Int: 13    God:    Nemelex Xobeh [******]
Gold:   2190       SH: 27    Dex: 10    Spells: 17/18 levels left

rFire    . . .     SeeInvis .   a - +4 broad axe (freeze)
rCold    + . .     Gourm    .   e - +8 large shield {AC+3}
rNeg     . . .     Faith    .   L - +6 chain mail of Qeha {+Inv}
rPois    .         Spirit   +   j - +0 helmet
rElec    .         Reflect  .   r - +2 cloak
rCorr    .         Harm     .   X - +0 pair of gloves
MR       +....                  T - +2 pair of boots {Fly}
Stlth    ..........             H - amulet of guardian spirit
HPRegen  0.35/turn              V - ring of protection from cold
MPRegen  0.21/turn              F - +2 ring of protection

@: lethally poisoned (-1 -> -9), flying, very slightly contaminated, slowed,
very slow
A: no striking features
a: Draw Escape, Draw Destruction, Draw Summoning, Draw Stack, Triple Draw, Deal
Four, Stack Five, Renounce Religion, Evoke Invisibility, Stop Flying


You were on level 1 of the Snake Pit.
You worshipped Nemelex Xobeh.
Nemelex Xobeh was exalted by your worship.
You were not hungry.

You visited 5 branches of the dungeon, and saw 26 of its levels.
You also visited: Bailey.

You collected 2461 gold pieces.
You spent 271 gold pieces at shops.

Inventory:

Hand Weapons
 a - a +4 broad axe of freezing (weapon)
 b - a +0 hunting sling
Missiles
 k - 123 sling bullets
 G - 5 throwing nets (quivered)
Armour
 e - a +8 large shield of protection (worn)
 j - a +0 helmet (worn)
 r - a +2 cloak (worn)
 L - the +6 chain mail of Qeha (worn) {+Inv}
   (You acquired it on level 9 of the Dungeon)

   It lets you turn invisible.
 T - a +2 pair of boots of flying (worn)
 X - a +0 pair of gloves (worn)
Jewellery
 y - an uncursed amulet of regeneration
 F - a +2 ring of protection (right hand)
 H - an amulet of guardian spirit (around neck)
 S - an uncursed amulet of the gourmand
 V - a ring of protection from cold (left hand)
Wands
 i - a wand of enslavement (5)
 C - a wand of clouds (4)
 J - a wand of flame (5)
 P - a wand of acid (23)
 Z - a wand of iceblast (26)
Scrolls
 p - a scroll of fear
 s - 4 scrolls of blinking
 t - 2 scrolls of silence
 u - 3 scrolls of immolation
 w - 8 scrolls of fog
 z - 2 scrolls of torment
 B - 2 scrolls of amnesia
 D - 13 scrolls of remove curse
 E - 6 scrolls of teleportation
 N - a scroll of vulnerability
 O - 3 scrolls of magic mapping
Potions
 c - 3 potions of invisibility
 f - 4 potions of agility
 g - 18 potions of curing
 h - 2 potions of brilliance
 l - 5 potions of might
 n - 3 potions of resistance
 q - 3 potions of haste
 x - a potion of berserk rage
 A - 4 potions of heal wounds
 I - 2 potions of mutation
 K - a potion of lignification
 R - a potion of ambrosia
Miscellaneous
 M - a lightning rod (4/4)
Comestibles
 d - 34 rations
 m - 7 chunks of flesh


   Skills:
 + Level 17.0 Fighting
 + Level 15.4 Axes
 + Level 12.9 Armour
 - Level 1.5 Dodging
 + Level 13.0 Shields
 - Level 1.5 Spellcasting
 - Level 2.7 Charms
 + Level 16.8 Invocations
 - Level 5.0 Evocations


You had 17 spell levels left.
You knew the following spells:

 Your Spells              Type           Power        Failure   Level  Hunger
a - Infusion              Chrm           #...         93%         1    ##.....

Your spell library contained the following spells:

 Spells                   Type           Power        Failure   Level  Hunger
 Song of Slaying          Chrm           #.......     98%         2    ###....
 Shroud of Golubria       Chrm/Tloc      #.........   99%         2    ###....
 Animate Skeleton         Necr           N/A          100%        1    ##.....
 Apportation              Tloc           #.....       100%        1    ##.....
 Beastly Appendage        Tmut           #.....       100%        1    ##.....
 Confusing Touch          Hex            #.....       100%        1    ##.....
 Corona                   Hex            #......      100%        1    ##.....
 Freeze                   Ice            #...         100%        1    ##.....
 Summon Butterflies       Summ           #.......     100%        1    ##.....
 Summon Small Mammal      Summ           #...         100%        1    ##.....
 Call Imp                 Summ           #.......     100%        2    ###....
 Slow                     Hex            #.......     100%        2    ###....
 Sticks to Snakes         Tmut           #.......     100%        2    ###....
 Throw Frost              Conj/Ice       #.....       100%        2    ###....
 Call Canine Familiar     Summ           #.......     100%        3    ####...
 Gell's Gravitas          Tloc           #.........   100%        3    ####...
 Inner Flame              Hex/Fire       #.......     100%        3    ####...
 Ozocubu's Armour         Chrm/Ice       #.......     100%        3    ####...
 Portal Projectile        Hex/Tloc       #.....       100%        3    ####...
 Regeneration             Chrm/Necr      #.........   100%        3    ####...
 Spectral Weapon          Hex/Chrm       #.......     100%        3    ####...
 Spider Form              Tmut/Pois      #.........   100%        3    ####...
 Summon Guardian Golem    Hex/Summ       #.......     100%        3    ####...
 Cause Fear               Hex            #.........   100%        4    #####..
 Ice Form                 Ice/Tmut       #.......     100%        4    #####..
 Leda's Liquefaction      Hex/Erth       #.........   100%        4    #####..
 Summon Ice Beast         Ice/Summ       #.......     100%        4    #####..
 Summon Lightning Spire   Summ/Air       #.......     100%        4    #####..
 Throw Icicle             Conj/Ice       #.......     100%        4    #####..
 Blade Hands              Tmut           #.........   100%        5    ######.
 Silence                  Hex/Air        #.........   100%        5    ######.
 Summon Demon             Summ           #.........   100%        5    ######.
 Summon Mana Viper        Hex/Summ       #.......     100%        5    ######.
 Yara's Violent Unravell  Hex/Tmut       #.........   100%        5    ######.
 Deflect Missiles         Chrm/Air       #.........   100%        6    #######
 Shadow Creatures         Summ           N/A          100%        6    #######
 Summon Hydra             Summ           #.........   100%        7    #######
 Discord                  Hex            #.........   100%        8    #######


Dungeon Overview and Level Annotations

Branches:
Dungeon (15/15)            Temple (1/1) D:5            Lair (6/6) D:11
  Swamp (0/4) Lair:2        Snake (2/4) Lair:3        Slime (0/5) Lair:5
    Orc (2/2) D:11            Elf (0/3) Orc:2        Vaults (0/5) D:14
 Depths (0/5) D:15

Altars:
Dithmenos
Elyvilon
Fedhas
Kikubaaqudgha
Makhleb
Nemelex Xobeh
Ru
Sif Muna
Uskayaw
Vehumet
Xom
The Shining One
Beogh
Jiyva

Shops:
D:7 *   D:12 *   D:15 [   Orc:2 :[![

Portals:
Trove: D:12 (give +6 demon blade)


Message History

You are more poisoned.
* * * LOW HITPOINT WARNING * * *
Your +5 executioner's axe of speed hits the naga mage!
Your +5 executioner's axe of speed hits the naga warrior!
Your +5 executioner's axe of speed completely misses the shock serpent.
You block the black mamba's attack. You block the naga's attack.
The naga closely misses you. You block the naga's attack.
The naga mage mumbles some strange words.
The naga mage seems to speed up.
You feel sick. You block the naga warrior's attack.
You block the salamander's attack. You block the naga's attack.
The naga barely misses you.
The naga warrior hits you but does no damage.
The salamander hits you from afar with a +0 trident.
* * * LOW HITPOINT WARNING * * *
You are engulfed in flames!
* * * LOW HITPOINT WARNING * * *
You fly upwards.
You die...
Your body glows with a rainbow of weird colours and disappears.

#....##....##.....##
#....####'###.....##
#.....###.###.......
#..........#######..
#...).......#######.
#....##.........))).
#....##.........)##.
#.NNS##..........##.
#..@.##..........##.
#....##....##....##.
#....##....##..).##.
#....##....##.)..##.
#....##....##....##.
#....##....##....##.
#....##....##....##.
##############'#####
##############.#####


You could see a black mamba, a naga mage and a naga.

Vanquished Creatures
  An ironheart preserver (D:14)
  Erolcha (D:11)
  Harold (D:9)
  3 hydras
  2 ogre magi (D:15)
  4 centaur warriors
  4 anacondas (Snake:1)
  4 catoblepae
  7 two-headed ogres (D:15)
  6 death yaks (Lair:6)
  A tengu warrior (D:14)
  A naga sharpshooter (Snake:1)
  Urug (D:11)
  A shock serpent (Snake:1)
  Sonja (Lair:1)
  4 skeletal warriors (D:13)
  An unseen horror (D:14)
  A naga ritualist (Snake:1)
  4 orc knights
  A wizard (D:14)
  2 mana vipers (Snake:1)
  A wolf spider zombie (D:15)
  2 orc sorcerers (D:15)
  19 ugly things
  2 deep elf magi
  2 salamanders (Snake:1)
  4 manticores
  An oklob plant (D:11)
  A cyclops (D:14)
  8 black mambas
  4 ice statues (D:13)
  15 elephants
  4 naga magi (Snake:1)
  A guardian serpent (Snake:1)
  2 torpor snails
  11 spiny frogs
  2 kobold demonologists
  A yaktaur (D:12)
  2 rime drakes
  An efreet (D:14)
  7 komodo dragons
  6 trolls
  A polar bear (Lair:6)
  Prince Ribbit (D:6)
  10 slime creatures
  18 blink frogs
  10 hippogriffs
  8 dream sheep (Lair:6)
  4 vampires
  A shadow (D:14)
  4 wraiths
  A wyvern (D:10)
  A centaur simulacrum (D:15)
  A hog (shapeshifter) (D:14)
  48 yaks
  4 basilisks
  2 hungry ghosts
  7 wargs
  5 vampire mosquitoes (D:15)
  15 nagas
  2 acid dragons
  15 water moccasins
  6 porcupines
  7 sky beasts
  46 orc warriors
  15 ice beasts
  A black bear (Lair:2)
  A swamp drake (Orc:2)
  4 necrophages
  18 ogres
  8 wolves
  15 centaurs
  13 crocodiles
  4 big kobolds
  20 bullfrogs
  2 gnoll sergeants
  2 wyvern skeletons
  A scorpion (D:9)
  16 killer bees
  17 wights
  11 electric eels
  2 howler monkeys
  9 crimson imps
  A quasit (D:5)
  4 centaur zombies
  11 hounds
  4 jellies
  Crazy Yiuf (D:4)
  6 orc priests
  4 bullfrog skeletons
  31 orc wizards
  5 centaur skeletons
  Ijyb (D:3)
  Natasha (thrice) (D:4)
  3 iguanas
  4 worker ants
  A hound skeleton (D:11)
  A howler monkey zombie (D:6)
  16 gnolls
  13 adders
  A howler monkey skeleton (D:5)
  A shadow imp (D:14)
  An ooze (Orc:2)
  2 adder zombies
  An adder skeleton (D:5)
  3 worms
  3 leopard geckos
  76 orcs
  9 bats
  3 giant cockroaches
  20 goblins
  13 hobgoblins
  8 jackals
  5 quokkas
  A jackal skeleton (D:7)
  19 kobolds
  A leopard gecko skeleton (D:8)
  A quokka skeleton (D:6)
  8 rats
  8 fungi
  12 plants
828 creatures vanquished.

Vanquished Creatures (collateral kills)
  Gastronok (D:9)
  A stone giant (Orc:1)
  Snorg (Lair:5)
  Fannar (D:11)
  A hydra (D:8)
  A centaur warrior (D:13)
  An anaconda (Snake:1)
  The ghost of Foxy the Archer, a novice CeHu of Okawaru (D:8)
  A death yak (Lair:6)
  2 shock serpents
  An orc knight (Bailey)
  An ugly thing (D:14)
  A salamander (Snake:1)
  An elephant (Lair:5)
  A spiny frog (Lair:6)
  A kobold demonologist (Bailey)
  A hornet (D:9)
  2 dream sheep (Lair:6)
  2 yaks (Lair:6)
  A wyvern (D:13)
  Grum (D:8)
  A naga (Snake:2)
  A warg (Orc:2)
  3 orc warriors
  A wolf (D:8)
  2 ogres
  A centaur (D:14)
  A wyvern skeleton (D:13)
  A wight (D:8)
  A crimson imp (D:9)
  3 orc priests
  A hound (D:11)
  2 orc wizards (D:11)
  A worker ant (D:11)
  5 gnolls
  A leopard gecko (D:11)
  10 orcs
59 creatures vanquished.

Vanquished Creatures (others)
  A black mamba (Snake:1)
  3 yaks (Lair:6)
  A steam dragon (D:8)
  2 orc warriors
  A centaur (Orc:2)
  A howler monkey (Orc:2)
  2 electric eels (D:10)
  An orc priest (D:11)
  A ball lightning (D:10)
  2 orcs
  A kobold (Orc:2)
  2 fungi
  4 plants (Lair:6)
22 creatures vanquished.

Grand Total: 909 creatures vanquished

Notes
Turn   | Place    | Note
-------+----------+-------------------------------------------
     0 | D:1      | zishaf the Hill Orc Skald began the quest for the Orb.
     0 | D:1      | Reached XP level 1. HP: 18/18 MP: 3/3
   120 | D:1      | Reached XP level 2. HP: 24/25 MP: 4/4
   409 | D:2      | Reached skill level 3 in Fighting
   668 | D:2      | Reached XP level 3. HP: 25/31 MP: 5/5
   921 | D:2      | Found a white marble altar of Elyvilon.
   939 | D:2      | Reached skill level 1 in Shields
  1686 | D:3      | Reached XP level 4. HP: 38/38 MP: 6/6
  2129 | D:3      | Reached XP level 5. HP: 36/46 MP: 7/7
  2135 | D:3      | Reached skill level 4 in Fighting
  2449 | D:3      | Noticed Ijyb
  2452 | D:3      | Paralysed by Ijyb for 2 turns
  2468 | D:3      | Paralysed by Ijyb for 5 turns
  2487 | D:3      | Killed Ijyb
  2808 | D:4      | Found a deep blue altar of Sif Muna.
  2812 | D:4      | Reached XP level 6. HP: 53/53 MP: 8/8
  2833 | D:4      | Noticed Natasha
  2856 | D:4      | Killed Natasha
  2903 | D:4      | Reached skill level 5 in Fighting
  2903 | D:4      | Reached skill level 5 in Axes
  2911 | D:4      | Noticed Natasha
  2917 | D:4      | Killed Natasha
  3083 | D:4      | Noticed Natasha
  3091 | D:4      | Killed Natasha
  3189 | D:4      | Reached XP level 7. HP: 12/61 MP: 9/9
  3369 | D:4      | Found a runed translucent door.
  3370 | D:4      | Noticed Crazy Yiuf
  3627 | D:4      | Killed Crazy Yiuf
  3679 | D:5      | Entered Level 5 of the Dungeon
  3981 | D:5      | Reached skill level 6 in Fighting
  4203 | D:5      | Found a staircase to the Ecumenical Temple.
  4212 | Temple   | Entered the Ecumenical Temple
  4231 | Temple   | Became a worshipper of Nemelex Xobeh the Trickster
  4285 | D:5      | Received a gift from Nemelex Xobeh
  4355 | D:5      | Reached XP level 8. HP: 71/71 MP: 10/10
  4376 | D:5      | Reached skill level 7 in Fighting
  4376 | D:5      | Reached skill level 1 in Invocations
  4502 | D:5      | Found a glowing golden altar of the Shining One.
  4513 | D:5      | Found a blossoming altar of Fedhas.
  4518 | D:5      | Found an ancient bone altar of Kikubaaqudgha.
  5268 | D:5      | Found a sacrificial altar of Ru.
  5486 | D:6      | Noticed Prince Ribbit
  5494 | D:6      | Killed Prince Ribbit
  5494 | D:6      | Reached skill level 8 in Fighting
  5494 | D:6      | Reached skill level 5 in Armour
  5494 | D:6      | Reached XP level 9. HP: 81/81 MP: 12/12
  5641 | D:6      | Reached skill level 5 in Invocations
  5660 | D:6      | Received a gift from Nemelex Xobeh
  5683 | D:6      | Reached * piety under Nemelex Xobeh
  5738 | D:6      | Reached skill level 5 in Shields
  6163 | D:6      | Received a gift from Nemelex Xobeh
  6275 | D:6      | Reached skill level 9 in Fighting
  6292 | D:6      | Reached ** piety under Nemelex Xobeh
  6388 | D:7      | Found Ymyod's Assorted Antiques.
  6963 | D:7      | Received a gift from Nemelex Xobeh
  7224 | D:8      | Found a runed translucent door.
  7224 | D:8      | Noticed Foxy's ghost (novice CeHu)
  7224 | D:8      | Noticed a five-headed hydra
  7250 | D:8      | Noticed Grum
  7273 | D:8      | Killed Grum
  7273 | D:8      | Reached XP level 10. HP: 86/92 MP: 15/15
  7486 | D:8      | Reached skill level 10 in Fighting
  7758 | D:8      | Received a gift from Nemelex Xobeh
  8178 | D:9      | Found a flagged portal.
  8235 | Bailey   | Entered a bailey
  8259 | Bailey   | Noticed an orc knight
  8266 | Bailey   | Killed an orc knight
  8278 | Bailey   | Noticed a kobold demonologist
  8279 | Bailey   | Found an iron altar of Okawaru.
  8279 | Bailey   | Noticed a kobold demonologist
  8282 | Bailey   | Noticed a sun demon
  8290 | Bailey   | Killed a kobold demonologist
  8295 | Bailey   | Killed a kobold demonologist
  8344 | Bailey   | Noticed an orc knight
  8375 | Bailey   | Killed an orc knight
  8612 | Bailey   | Reached skill level 11 in Fighting
  8676 | Bailey   | Reached *** piety under Nemelex Xobeh
  8687 | Bailey   | Got a smoking scale mail
  8691 | Bailey   | Identified the cursed +1 scale mail of the Butterfly {rPois
                  | Int+3} (You found it in a bailey)
  8701 | Bailey   | Got a dazzling shortbow
  8888 | Bailey   | Reached XP level 11. HP: 100/102 MP: 16/18
  9101 | D:9      | Got a twisted chain mail
  9112 | D:9      | Identified the +6 chain mail of Qeha {+Inv} (You acquired
                  | it on level 9 of the Dungeon)
  9205 | D:9      | Noticed Harold
  9221 | D:9      | Killed Harold
  9221 | D:9      | Reached skill level 10 in Invocations
  9344 | D:9      | Received a gift from Nemelex Xobeh
  9352 | D:9      | Noticed Gastronok
  9381 | D:9      | Killed Gastronok
  9942 | D:10     | Entered Level 10 of the Dungeon
 10298 | D:10     | Found a shadowy altar of Dithmenos.
 10311 | D:10     | Reached skill level 10 in Axes
 10425 | D:10     | Reached skill level 12 in Fighting
 10471 | D:10     | Received a gift from Nemelex Xobeh
 10548 | D:10     | You fall through a shaft for 3 floors!
 10583 | D:13     | Noticed a centaur warrior
 10588 | D:13     | Killed a centaur warrior
 10588 | D:13     | Noticed a skeletal warrior
 10590 | D:13     | Noticed a skeletal warrior
 10591 | D:13     | Noticed a skeletal warrior
 10592 | D:13     | Noticed a skeletal warrior
 10593 | D:13     | Noticed a deep elf mage
 10596 | D:13     | Noticed a cyclops
 10853 | D:12     | Reached XP level 12. HP: 95/112 MP: 18/20
 10932 | D:11     | Noticed Erolcha
 11162 | D:12     | Reached **** piety under Nemelex Xobeh
 11188 | D:12     | Found a portal to a secret trove of treasure.
 11244 | D:12     | Received a gift from Nemelex Xobeh
 11283 | D:12     | Got a bloodstained scale mail
 11304 | D:12     | Identified the cursed +1 scale mail "Cyusch" {MR+} (You
                  | found it on level 12 of the Dungeon)
 11526 | D:11     | Noticed Fannar
 11530 | D:11     | Identified the +0 quarterstaff "Naxoebaj" {crush, rC+
                  | Int+6}
 11543 | D:11     | Killed Fannar
 11546 | D:11     | Found a staircase to the Lair.
 11592 | D:11     | Noticed Urug
 11612 | D:11     | Killed Urug
 11612 | D:11     | Reached skill level 13 in Fighting
 12019 | D:11     | Killed Erolcha
 12292 | D:11     | Received a gift from Nemelex Xobeh
 12434 | D:11     | Found a staircase to the Orcish Mines.
 12729 | Lair:1   | Entered Level 1 of the Lair of Beasts
 13327 | D:8      | Killed Foxy's ghost
 13333 | D:8      | Killed an eight-headed hydra
 13335 | D:8      | Identified Wiappudd's Collected Works on Summoning and
                  | Translocation
 13340 | D:8      | Got an encrusted quarterstaff
 13662 | Lair:1   | Received a gift from Nemelex Xobeh
 13686 | Lair:1   | Reached XP level 13. HP: 119/123 MP: 22/22
 13709 | Lair:1   | Reached ***** piety under Nemelex Xobeh
 13973 | Lair:1   | Reached skill level 14 in Fighting
 14406 | Lair:1   | Received a gift from Nemelex Xobeh
 14415 | Lair:1   | Noticed Sonja
 14418 | Lair:1   | Killed Sonja
 14763 | Lair:2   | Received a gift from Nemelex Xobeh
 15056 | Lair:2   | Received a gift from Nemelex Xobeh
 15358 | Lair:2   | Found a staircase to the Swamp.
 15759 | Lair:3   | Found a staircase to the Snake Pit.
 15933 | Lair:3   | Reached skill level 10 in Armour
 16015 | Lair:3   | Received a gift from Nemelex Xobeh
 16670 | Lair:4   | Received a gift from Nemelex Xobeh
 16713 | Lair:4   | Reached skill level 10 in Shields
 17407 | Lair:4   | Received a gift from Nemelex Xobeh
 17788 | Lair:5   | Noticed Snorg
 17800 | Lair:5   | Reached skill level 15 in Fighting
 17805 | Lair:5   | Killed Snorg
 17805 | Lair:5   | Reached XP level 14. HP: 105/135 MP: 21/24
 17851 | Lair:5   | Reached ****** piety under Nemelex Xobeh
 18033 | Lair:5   | Received a gift from Nemelex Xobeh
 18176 | Lair:5   | Found a viscous altar of Jiyva.
 18176 | Lair:5   | Found a staircase to the Slime Pits.
 18357 | Lair:5   | Received a gift from Nemelex Xobeh
 18627 | Lair:6   | Entered Level 6 of the Lair of Beasts
 19059 | Lair:6   | Received a gift from Nemelex Xobeh
 19642 | Lair:6   | Reached skill level 15 in Invocations
 20085 | Lair:6   | Reached skill level 1 in Evocations
 20202 | Lair:6   | Received a gift from Nemelex Xobeh
 20461 | Orc:1    | Entered Level 1 of the Orcish Mines
 20818 | Orc:1    | Received a gift from Nemelex Xobeh
 20822 | Orc:1    | Noticed a stone giant
 20836 | Orc:1    | Killed a stone giant
 20883 | Orc:1    | Found a roughly hewn altar of Beogh.
 21090 | Orc:1    | Reached XP level 15. HP: 132/143 MP: 23/26
 21224 | Orc:2    | Entered Level 2 of the Orcish Mines
 21355 | Orc:2    | Found a staircase to the Elven Halls.
 21613 | Orc:2    | Found Urhoukh's Distillery.
 21613 | Orc:2    | Found Quen's Armour Shop.
 21615 | Orc:2    | Found Tuyl Lachu's Book Boutique.
 21618 | Orc:2    | Found Isoudann's Antique Armour Emporium.
 21625 | Orc:2    | Bought a +0 pair of gloves for 72 gold pieces
 21626 | Orc:2    | Bought a potion of heal wounds for 70 gold pieces
 21626 | Orc:2    | Bought a potion of curing for 42 gold pieces
 21626 | Orc:2    | Bought a potion of curing for 42 gold pieces
 21794 | Orc:2    | Found a burning altar of Makhleb.
 21805 | Orc:2    | Got a polished whip
 21948 | Orc:2    | Identified the +5 whip of Disembowelment {protect, *Corrode
                  | rN+++ Str+6} (You found it on level 2 of the Orcish Mines)
 22422 | D:12     | Found Hice's General Store.
 22430 | D:12     | Bought a potion of curing for 45 gold pieces
 22563 | D:12     | Received a gift from Nemelex Xobeh
 22628 | D:12     | Reached skill level 16 in Fighting
 23548 | D:14     | Received a gift from Nemelex Xobeh
 23709 | D:14     | Found a gate to the Vaults.
 23777 | D:14     | Identified the +3 leather armour of Disaster {rElec}
 24480 | D:15     | Entered Level 15 of the Dungeon
 24576 | D:15     | Received a gift from Nemelex Xobeh
 24616 | D:15     | Paralysed by a wizard for 3 turns
 24649 | D:15     | Found a staircase to the Depths.
 24691 | D:15     | Reached XP level 16. HP: 105/152 MP: 16/28
 24978 | D:15     | Reached skill level 5 in Evocations
 24992 | D:15     | Found Atatoti's Antique Armour Boutique.
 25575 | D:15     | Reached skill level 15 in Axes
 26298 | Snake:1  | Entered Level 1 of the Snake Pit
 26298 | Snake:1  | Received a gift from Nemelex Xobeh
 27330 | Snake:1  | Received a gift from Nemelex Xobeh
 27624 | Snake:1  | Reached skill level 17 in Fighting
 27824 | Snake:1  | Received a gift from Nemelex Xobeh
 27930 | Snake:2  | HP: 2/155 [salamander/+0 trident (8)]
 27931 | Snake:1  | Succumbed to a naga mage's bolt of poison

Levels and vault maps discovered:
D:1:      evilmike_arrival_plus, layout_rooms
D:2:      kennysheep_the_goblin_king, layout_basic, elyvilon_altar_5
D:3:      layout_basic, first_ration, roderic_cross_of_infinity, uniq_ijyb
D:4:      layout_loops_ring, old_standard_altar, minmay_misc_feat_x,
          uniq_natasha, uniq_crazy_yiuf_cottage
D:5:      layout_layer_cave, minitemple, nicolae_ru_path_of_blood,
          minmay_temple_entry_waves, eino_tiny_chamber,
          kennysheep_cross_bottleneck, minmay_misc_feat_roman
D:6:      minmay_angry_zag, layout_gridville, minmay_misc_feat_columns,
          uniq_prince_ribbit1
D:7:      layout_basic, serial_shops, nicolae_shop_stone
D:8:      layout_loops_corners, ebering_ghost_inner_flame, serial_rivers,
          chequers_serial_rivers_micro_e, chequers_serial_rivers_micro_a,
          chequers_serial_rivers_micro_c, chequers_serial_rivers_micro_e,
          uniq_grum
D:9:      layout_basic, enter_bailey_6, serial_bayou_ford_a, uniq_gastronok,
          uniq_harold
D:10:     layout_basic, basic_altar
D:11:     layout_cave_pools, dpeg_oklobed_lair, david_orc_4, uniq_erolcha,
          uniq_fannar, uniq_urug
D:12:     kennysheep_big_flooded_room, layout_gridville, enter_trove_2,
          serial_shops, shop
D:13:     minmay_ice_pillars, layout_long_grid
D:14:     layout_long_grid, skrybe_vaults_entry_preservation,
          minmay_misc_feat_secret_circle
D:15:     grunt_enter_depths_magical_seal, layout_cave_pods, serial_shops, shop
Temple:   eino_temple_scatter_basement
Lair:1:   cheibrodos_lair_river_kwai, layout_concentric_octagons,
          infiniplex_staircase_pool_2, grunt_megastairs_2, uniq_sonja
Lair:2:   layout_loops_ring, swamp_mist_pool, serial_bayou_shore_b
Lair:3:   layout_concentric_octagons, guppyfry_snake_entry_island,
          lemuel_fruit_tree
Lair:4:   layout_loops_ring, serial_bayou_shore_a
Lair:5:   layout_cave_pods, dpeg_slime_entry_enclosed_altar, uniq_snorg
Lair:6:   evilmike_catoblepas_cave, layout_cave_pods,
          chequers_serial_rivers_small_b
Snake:1:  layout_grid_maze
Snake:2:  layout_misc_corridors, nicolae_alphabet_shops, evilmike_ambush
          [evilmike_ambush_outer_basic, evilmike_ambush_inner_basic]
Orc:1:    layout_diamond_mine, basic_altar
Orc:2:    st_orc_rangers, layout_caves, bloody_makhleb
Bailey:   bailey_axe_of_yendor_kennysheep, bailey

Skill      XL: |  1  2  3  4  5  6  7  8  9 10 11 12 13 14 15 16 |
---------------+-------------------------------------------------+-----
Axes           | 3 4 5 6 7 8 9 10 11 12 13 14 15 | 15.4
Fighting       | 3 4 5 6 8 9 11 12 13 15 16 17 | 17.0
Shields        | 1 2 3 4 5 6 8 9 10 11 12 13 | 13.0
Armour         | 2 3 4 5 6 7 8 9 10 11 12 | 12.9
Invocations    | 4 7 9 11 13 14 15 16 | 16.8
Evocations     | 1 4 5 |  5.0
Dodging        | |  1.5
Spellcasting   | |  1.5
Charms         | |  2.7

Action                   |  1- 3 |  4- 6 |  7- 9 | 10-12 | 13-15 | 16-18 || total
-------------------------+-------+-------+-------+-------+-------+-------++-------
Melee: Hand axe          |   121 |   251 |   577 |   873 |   587 |       ||  2409
       Broad axe         |       |       |       |       |   858 |   308 ||  1166
 Fire: Hunting sling     |    17 |    18 |    48 |    34 |    13 |       ||   130
Invok: Stack Five        |       |       |       |       |     1 |       ||     1
 Abil: Draw Summoning    |       |       |     1 |    10 |     6 |     3 ||    20
       Draw Destruction  |       |       |       |    30 |    12 |       ||    42
       Draw Escape       |       |       |       |     1 |       |       ||     1
       Draw Stack        |       |       |       |       |     1 |     1 ||     2
Evoke: Wand              |       |       |     1 |     1 |       |       ||     2
  Use: Scroll            |       |    10 |     4 |    18 |    17 |     4 ||    53
       Potion            |       |       |       |     1 |       |     3 ||     4
 Stab: Confused          |       |       |     2 |       |     3 |       ||     5
       Petrified         |       |       |       |     3 |       |     1 ||     4
       Distracted        |       |       |       |     3 |     1 |       ||     4
  Eat: Chunk             |     1 |     7 |    10 |    25 |    28 |     7 ||    78
       Ration            |       |       |     1 |       |     3 |     1 ||     5
Armor: Leather armour    |    29 |       |       |       |       |       ||    29
       Ring mail         |    34 |   110 |   186 |       |       |       ||   330
       Plate armour      |       |       |   120 |    97 |       |       ||   217
       Chain mail        |       |       |       |   265 |   551 |   145 ||   961
Dodge: Dodged            |    49 |    37 |    80 |    81 |   159 |    40 ||   446
Block: Large shield      |    97 |   130 |   437 |   699 |  1472 |   394 ||  3229

Table legend:
 A = Non-vault XP
 B = Vault XP
 C = Vault XP percentage of total XP
 D = Non-vault monster count
 E = Vault monster count
 F = Vault count percentage of total count
                 A         B        C        D         E       F
            +---------+---------+-------+---------+---------+-------
      Total |  115987 |   43772 |  27.4 |     684 |     196 |  22.3
            +---------+---------+-------+---------+---------+-------
        D:1 |      20 |       0 |   0.0 |      12 |       0 |   0.0
        D:2 |      49 |      11 |  18.3 |      16 |       7 |  30.4
        D:3 |      93 |      38 |  29.0 |      19 |       1 |   5.0
        D:4 |     394 |      77 |  16.3 |      16 |       2 |  11.1
        D:5 |    1095 |       0 |   0.0 |      30 |       0 |   0.0
        D:6 |    1295 |     575 |  30.7 |      22 |       7 |  24.1
        D:7 |     476 |       0 |   0.0 |      15 |       0 |   0.0
        D:8 |    2652 |    1463 |  35.6 |      44 |       5 |  10.2
        D:9 |    1971 |    1800 |  47.7 |      32 |       2 |   5.9
       D:10 |    3341 |       0 |   0.0 |      30 |       0 |   0.0
       D:11 |    4150 |    3130 |  43.0 |      41 |      19 |  31.7
       D:12 |    3286 |     633 |  16.2 |      32 |       2 |   5.9
       D:13 |    5369 |    3366 |  38.5 |      20 |      16 |  44.4
       D:14 |   14085 |    3853 |  21.5 |      45 |       9 |  16.7
       D:15 |   18499 |    5175 |  21.9 |      50 |      10 |  16.7
     Lair:1 |    4640 |    4314 |  48.2 |      21 |      13 |  38.2
     Lair:2 |    3926 |       0 |   0.0 |      14 |       0 |   0.0
     Lair:3 |    5187 |     320 |   5.8 |      18 |       2 |  10.0
     Lair:4 |    3980 |       0 |   0.0 |      21 |       0 |   0.0
     Lair:5 |    7032 |     941 |  11.8 |      27 |       1 |   3.6
     Lair:6 |   12039 |   11493 |  48.8 |      46 |      23 |  33.3
    Snake:1 |   16463 |       0 |   0.0 |      39 |       0 |   0.0
    Snake:2 |       0 |     519 | 100.0 |       0 |       2 | 100.0
      Orc:1 |    3910 |       0 |   0.0 |      50 |       0 |   0.0
      Orc:2 |    2035 |    3191 |  61.1 |      24 |      32 |  57.1
     Bailey |       0 |    2873 | 100.0 |       0 |      43 | 100.0
            +---------+---------+-------+---------+---------+-------
